AoeStats
← gurudeburdel

Arena

510052039Analyzed
3v3 RM · 3d ago on Sep 29, 2026· 49m 21s· 6 players
Game mode
Random Map
Map size
Normal (6 player)
Population
200
Speed
Normal
Resources
Standard
Victory
Conquest
Starting age
Dark Age
Ending age
Imperial Age
RankedLock teamsTeams togetherTeam positionsShared explorationLock speedFull tech treeHidden civsTurbo modeCheats
Victory
Defeat
🇳🇱 Mongols · Netherlands
1077
+8
🇺🇸 Koreans · United States
1033
+9
898
+14
🇦🇷 Romans · Argentina
1014
-15
🇦🇷 Bohemians · Argentina
837
-9
🇦🇷 Maya · Argentina
759
-7
drip_trpz #Grandma Peek
10:31 Feudal Age
15:16 Castle Age
14:05 Double-Bit Axe
14:02 Horse Collar
16:07 Fletching
16:17 Padded Archer Armor
19:24 Loom
29:55 Scale Barding Armor
31:32 Bow Saw
35:50 Imperial Age
34:00 Chain Barding Armor
33:41 Padded Archer Armor
35:17 Heavy Plow
35:11 Gold Mining
35:11 Stone Mining
37:28 Conscription
37:32 Yeomen
40:45 Chemistry
40:05 Ballistics
39:48 Bodkin Arrow
40:09 Leather Archer Armor
40:30 Plate Barding Armor
40:50 Elite Longbowman
42:21 Cavalier
43:02 Husbandry
48:33 Bracer
49:03 Ring Archer Armor
48:44 Forging
49:11 Wheelbarrow
48:21 Town Watch
48:40 Caravan
48:52 Guilds
49:12 Coinage
49:48 Two-Man Saw
49:13 Sanctity
48:53 Devotion
49:19 Illumination
49:29 Theocracy
48:49 Herbal Medicine
49:04 Siphons
48:50 Guard Tower
48:45 Arrowslits
49:11 Fortified Wall
48:57 Murder Holes
49:12 Masonry
49:08 Siege Engineers
helium2
10:29 Feudal Age
14:29 Castle Age
12:18 Double-Bit Axe
12:32 Horse Collar
21:02 Loom
21:38 Bow Saw
21:33 Gold Mining
21:56 Heavy Plow
22:03 Stone Mining
23:01 Wheelbarrow
24:46 Town Watch
25:20 Hand Cart
26:32 Bloodlines
26:39 Forging
27:43 Gold Shaft Mining
31:29 Imperial Age
29:03 Town Patrol
29:18 Fletching
29:29 Padded Archer Armor
30:06 Iron Casting
29:37 Scale Barding Armor
29:38 Husbandry
30:53 Ballistics
30:45 Masonry
30:32 Murder Holes
30:48 Fortified Wall
32:07 Bodkin Arrow
32:27 Leather Archer Armor
33:13 Blast Furnace
33:57 Chemistry
33:12 Fortified Wall
33:10 Siege Engineers
33:31 Chain Barding Armor
34:18 Conscription
34:46 Bracer
35:09 Elite Mangudai
37:35 Hoardings
My Baby Shot Me Down
10:42 Feudal Age
11:57 Loom
15:40 Castle Age
14:02 Stone Mining
14:00 Double-Bit Axe
14:15 Horse Collar
16:34 Bow Saw
17:04 Heavy Plow
25:43 Wheelbarrow
25:15 Gold Mining
26:16 Forging
25:58 Fletching
27:32 Town Watch
28:26 Light Cavalry
30:04 Gold Shaft Mining
30:57 Forging
30:52 Scale Barding Armor
34:59 Imperial Age
34:20 Hand Cart
34:20 Husbandry
35:11 Iron Casting
34:56 Chain Barding Armor
35:24 Ballistics
36:52 Chemistry
38:44 Two-Man Saw
38:27 Conscription
39:02 Conscription
39:13 Hussar
42:54 Heavy Rocket Cart
45:59 Shinkichon
ramiroale91
9:09 Loom
11:59 Feudal Age
16:15 Castle Age
14:02 Double-Bit Axe
14:37 Horse Collar
17:23 Gold Mining
17:56 Bow Saw
27:48 Heavy Plow
34:01 Imperial Age
32:21 Ballistics
32:41 Scale Barding Armor
32:47 Forging
37:41 Chain Barding Armor
36:57 Heavy Scorpion
42:06 Padded Archer Armor
41:56 Fletching
42:30 Elite Skirmisher
43:28 Leather Archer Armor
45:28 Chemistry
PNAL | Franco El Proctologo
10:05 Loom
11:50 Feudal Age
16:14 Castle Age
14:02 Double-Bit Axe
17:16 Horse Collar
25:06 Wheelbarrow
27:22 Eagle Warrior
27:50 Arson
28:07 Squires
30:57 Hand Cart
30:45 Heavy Plow
30:37 Gold Mining
31:42 Ballistics
34:28 Imperial Age
33:22 Scale Mail Armor
33:33 Forging
33:39 Bow Saw
37:38 Thumb Ring
37:22 Elite Plumed Archer
39:22 Chain Mail Armor
39:43 Iron Casting
40:58 Elite Skirmisher
41:41 Hul'che Javelineers
42:53 Crop Rotation
42:25 Padded Archer Armor
42:16 Fletching
42:57 Plate Mail Armor
43:28 Blast Furnace
42:21 Pikeman
43:20 Fortified Wall
45:48 Halberdier
47:40 Leather Archer Armor
47:21 Bodkin Arrow
gurudeburdel
10:48 Feudal Age
12:03 Horse Collar
12:12 Double-Bit Axe
17:36 Castle Age
17:13 Wheelbarrow
16:24 Town Watch
18:23 Loom
26:35 Imperial Age
29:03 Ballistics
30:50 Chemistry
31:48 Pikeman
32:29 Squires
34:23 Hand Cart
34:09 Town Patrol
34:29 Halberdier
36:11 Squires
39:07 Forging
38:59 Scale Mail Armor
41:24 Houfnice
42:30 Town Patrol
Connection lost

Rejoining the realm…

Still unreachable

The connection could not be restored.

Session expired

The server has moved on; the page needs a fresh start.